ESL (28 & UNDER)
PENQUANNOCK OVERRATED JETER @ BUFFALO LIGHTSABRES
05/19/2027
 
TOP OF THE 1ST
Penquannock Overrated Jeter batting - Pitching for Buffalo LightSabres : RHP Pat Monroe
Pitching: RHP Pat Monroe
Batting: SHB Bob Noble 0-0: Ball
1-0: Ball
2-0: Ball
3-0: Base on Balls
Batting: RHB Bernardo Enríquez 0-0: Ball
Bob Noble is caught stealing 2nd base
1-0: Ball
2-0: Ball
3-0: Called Strike
3-1: Foul Ball, location: 2F
3-2: DOUBLE (Line Drive, 9LM)
Batting: RHB Armando Pagán 0-0: Ball
1-0: Called Strike
1-1: TRIPLE (Groundball, 3L)
Bernardo Enríquez scores
Batting: LHB Pete Weber 0-0: Fly out, F7 (Flyball, 7)
Runner from 3rd tags up, SCORES, no throw
Batting: SHB Tim Reid 0-0: Ball
1-0: Called Strike
1-1: Ball
2-1: Ball
3-1: Base on Balls
Batting: RHB Manny Perea 0-0: Foul Ball, location: 2F
0-1: Called Strike
0-2: Ball
1-2: Foul Ball, location: 2F
1-2: Foul Ball, location: 2F
1-2: Strikes out looking
Top of the 1st over - 2 run(s), 2 hit(s), 0 error(s), 1 left on base; Penquannock 2 - Buffalo 0
BOTTOM OF THE 1ST
Buffalo LightSabres batting - Pitching for Penquannock Overrated Jeter : LHP Jason Simpson
Pitching: LHP Jason Simpson
Batting: RHB Tony Estrada 0-0: Ball
1-0: Foul Ball, location: 2F
1-1: Foul Ball, location: 2F
1-2: Strikes out swinging
Batting: RHB Tex Badger 0-0: Swinging Strike
0-1: Swinging Strike
0-2: Foul Ball, location: 2F
0-2: Strikes out swinging
Batting: RHB Gabriel Ángel 0-0: Called Strike
0-1: Ball
1-1: Ball
2-1: SINGLE (Groundball, 4MD)
Batting: SHB Barrett Bowden 0-0: Foul Ball, location: 2F
0-1: Ball
1-1: Foul Ball, location: 2F
1-2: Strikes out swinging
Bottom of the 1st over - 0 run(s), 1 hit(s), 0 error(s), 1 left on base; Penquannock 2 - Buffalo 0
TOP OF THE 2ND
Penquannock Overrated Jeter batting - Pitching for Buffalo LightSabres : RHP Pat Monroe
Batting: LHB Tony Green 0-0: Ball
1-0: Ball
2-0: Ball
3-0: Called Strike
3-1: Foul Ball, location: 2F
3-2: Strikes out swinging
Batting: RHB Barton Frazier 0-0: Ball
1-0: Ball
2-0: Ball
3-0: Called Strike
3-1: Foul Ball, location: 2F
3-2: Strikes out swinging
Batting: LHB Matt Reese 0-0: Called Strike
0-1: Ball
1-1: Swinging Strike
1-2: Strikes out swinging
Top of the 2nd over - 0 run(s), 0 hit(s), 0 error(s), 0 left on base; Penquannock 2 - Buffalo 0
BOTTOM OF THE 2ND
Buffalo LightSabres batting - Pitching for Penquannock Overrated Jeter : LHP Jason Simpson
Batting: RHB Robby Lewis 0-0: Ball
1-0: Called Strike
1-1: Ball
2-1: Ball
3-1: Base on Balls
Batting: LHB Rob Davidson 0-0: Swinging Strike
0-1: Ball
1-1: Foul Ball, location: 2F
1-2: Ball
2-2: Foul Ball, location: 2F
2-2: Foul Ball, location: 2F
2-2: Strikes out swinging
Batting: RHB Merlin Morris 0-0: Fly out, F2 (Popup, 5S)
Batting: RHB Ramão Almana 0-0: Called Strike
0-1: Ball
1-1: Fielders Choice at 2nd, 5-4 (Groundball, 56)
Bottom of the 2nd over - 0 run(s), 0 hit(s), 0 error(s), 0 left on base; Penquannock 2 - Buffalo 0
TOP OF THE 3RD
Penquannock Overrated Jeter batting - Pitching for Buffalo LightSabres : RHP Pat Monroe
Batting: SHB Bob Noble 0-0: Called Strike
0-1: Fly out, F8 (Flyball, 8LS)
Batting: RHB Bernardo Enríquez 0-0: Ball
1-0: Foul Ball, location: 2F
1-1: Foul Ball, location: 2F
1-2: Ground out 1-3 (Groundball, 13)
Batting: RHB Armando Pagán 0-0: Ball
1-0: Called Strike
1-1: Foul Ball, location: 2F
1-2: Foul Ball, location: 2F
1-2: Strikes out swinging
Top of the 3rd over - 0 run(s), 0 hit(s), 0 error(s), 0 left on base; Penquannock 2 - Buffalo 0
BOTTOM OF THE 3RD
Buffalo LightSabres batting - Pitching for Penquannock Overrated Jeter : LHP Jason Simpson
Batting: LHB Emílio Montoya 0-0: Ball
1-0: Ground out 4-3 (Groundball, 4)
Batting: RHB Tony Estrada 0-0: Foul Ball, location: 2F
0-1: DOUBLE (Line Drive, 89D)
Batting: RHB Tex Badger 0-0: Ball
1-0: Fly out, F9 (Flyball, 9)
Batting: RHB Gabriel Ángel 0-0: Swinging Strike
0-1: Swinging Strike
0-2: Ball
1-2: Ball
2-2: Strikes out looking
Bottom of the 3rd over - 0 run(s), 1 hit(s), 0 error(s), 1 left on base; Penquannock 2 - Buffalo 0
TOP OF THE 4TH
Penquannock Overrated Jeter batting - Pitching for Buffalo LightSabres : RHP Pat Monroe
Batting: LHB Pete Weber 0-0: Swinging Strike
0-1: SINGLE (Line Drive, 9LS)
Batting: SHB Tim Reid 0-0: Ball
1-0: Swinging Strike
1-1: Called Strike
1-2: Strikes out looking
Batting: RHB Manny Perea 0-0: Ball
1-0: Foul Ball, location: 2F
1-1: Ball
2-1: Foul Ball, location: 2F
2-2: Foul Ball, location: 2F
2-2: Foul Ball, location: 2F
2-2: Strikes out swinging
Pete Weber steals 2nd base
Batter strikes out.
Batting: LHB Tony Green 0-0: Ball
1-0: Fly out, F8 (Flyball, 8RXD)
Top of the 4th over - 0 run(s), 1 hit(s), 0 error(s), 1 left on base; Penquannock 2 - Buffalo 0
BOTTOM OF THE 4TH
Buffalo LightSabres batting - Pitching for Penquannock Overrated Jeter : LHP Jason Simpson
Batting: SHB Barrett Bowden 0-0: Called Strike
0-1: Swinging Strike
0-2: Ball
1-2: Ball
2-2: Strikes out looking
Batting: RHB Robby Lewis 0-0: Called Strike
0-1: Ball
1-1: Ball
2-1: Ground out 6-3 (Groundball, 56)
Batting: LHB Rob Davidson 0-0: Ball
1-0: Swinging Strike
1-1: Foul Ball, location: 2F
1-2: Foul Ball, location: 2F
1-2: Foul Ball, location: 2F
1-2: Ball
2-2: Ball
3-2: Fly out, F7 (Flyball, 7)
Bottom of the 4th over - 0 run(s), 0 hit(s), 0 error(s), 0 left on base; Penquannock 2 - Buffalo 0
TOP OF THE 5TH
Penquannock Overrated Jeter batting - Pitching for Buffalo LightSabres : RHP Pat Monroe
Batting: RHB Barton Frazier 0-0: Ball
1-0: Ball
2-0: SINGLE (Line Drive, 8LS)
Pitching: RHP Ángel Uribe
Batting: LHB Matt Reese 0-0: Ball
1-0: Ball
2-0: Foul Ball, location: 2F
2-1: Foul Ball, location: 2F
2-2: Ball
3-2: Foul Ball, location: 2F
3-2: Foul Ball, location: 2F
3-2: Foul Ball, location: 2F
3-2: TRIPLE (Flyball, 89XD)
Barton Frazier scores
Batting: SHB Bob Noble 0-0: Called Strike
0-1: Called Strike
0-2: Ball
1-2: Ball
2-2: Fly out, F7 (Flyball, 7S)
Batting: RHB Bernardo Enríquez 0-0: Foul Ball, location: 2F
0-1: Ball
1-1: Ball
2-1: Swinging Strike
2-2: Foul Ball, location: 2F
2-2: Fly out, F4 (Popup, 3D)
Batting: RHB Armando Pagán 0-0: Called Strike
0-1: Ball
1-1: Ball
2-1: Ball
3-1: Base on Balls
Batting: LHB Pete Weber 0-0: Ball
1-0: SINGLE (Groundball, 56D)
Matt Reese scores
Armando Pagán to second
Batting: SHB Tim Reid 0-0: Ball
1-0: Called Strike
1-1: SINGLE (Groundball, 56D)
Armando Pagán to third
Pete Weber to second
Runner from 3rd tries for Home, SAFE, no throw
Batting: RHB Manny Perea 0-0: Ball
1-0: SINGLE (Line Drive, 78M)
Pete Weber to third
Tim Reid to second
Batting: LHB Tony Green 0-0: Ball
1-0: Ball
2-0: Ball
3-0: Base on Balls
Pete Weber scores
Tim Reid to third
Manny Perea to second
Pitching: RHP Pat Jackson
Batting: RHB Barton Frazier 0-0: Ball
1-0: Swinging Strike
1-1: Foul Ball, location: 2F
1-2: Strikes out looking
Top of the 5th over - 4 run(s), 5 hit(s), 0 error(s), 3 left on base; Penquannock 6 - Buffalo 0
BOTTOM OF THE 5TH
Buffalo LightSabres batting - Pitching for Penquannock Overrated Jeter : LHP Jason Simpson
Batting: RHB Merlin Morris 0-0: Fly out, F2 (Popup, 2R)
Batting: RHB Ramão Almana 0-0: Called Strike
0-1: Ball
1-1: Ball
2-1: Called Strike
2-2: Ball
3-2: Base on Balls
Pitching: RHP Javier González
Batting: LHB Emílio Montoya 0-0: Ball
1-0: Ground out U3 (Groundball, 3S)
Ramão Almana to second
Batting: RHB Tony Estrada 0-0: Ball
1-0: Ground out 6-3 (Groundball, 6)
Bottom of the 5th over - 0 run(s), 0 hit(s), 0 error(s), 1 left on base; Penquannock 6 - Buffalo 0
TOP OF THE 6TH
Penquannock Overrated Jeter batting - Pitching for Buffalo LightSabres : RHP Pat Jackson
Batting: LHB Matt Reese 0-0: Called Strike
0-1: Called Strike
0-2: Ball
1-2: Strikes out swinging
Batting: SHB Bob Noble 0-0: Ground out 1-3 (Groundball, 15S)
Batting: RHB Bernardo Enríquez 0-0: Ball
1-0: Ball
2-0: Ground out 3-1 (Groundball, 34)
Top of the 6th over - 0 run(s), 0 hit(s), 0 error(s), 0 left on base; Penquannock 6 - Buffalo 0
BOTTOM OF THE 6TH
Buffalo LightSabres batting - Pitching for Penquannock Overrated Jeter : RHP Javier González
Batting: RHB Tex Badger 0-0: Called Strike
0-1: Called Strike
0-2: Hit by Pitch
Batting: RHB Gabriel Ángel 0-0: Foul Ball, location: 2F
0-1: Foul Ball, location: 2F
0-2: Ball
1-2: Strikes out swinging
Batting: SHB Barrett Bowden 0-0: Ball
1-0: Ball
2-0: Called Strike
2-1: Ball
3-1: Called Strike
3-2: Foul Ball, location: 2F
3-2: Fielders Choice at 2nd, 3-6 (Groundball, 34)
Batting: RHB Robby Lewis 0-0: Ball
1-0: Called Strike
Barrett Bowden is caught stealing 2nd base
Bottom of the 6th over - 0 run(s), 0 hit(s), 0 error(s), 0 left on base; Penquannock 6 - Buffalo 0
TOP OF THE 7TH
Penquannock Overrated Jeter batting - Pitching for Buffalo LightSabres : RHP Pat Jackson
Batting: RHB Armando Pagán 0-0: SINGLE (Groundball, 56D)
Batting: LHB Pete Weber 0-0: Ball
1-0: Called Strike
1-1: Fielders Choice at 2nd, 3-6 (Groundball, 3)
Batting: SHB Tim Reid 0-0: Ball
1-0: Foul Ball, location: 2F
1-1: Ball
2-1: Ball
3-1: Foul Ball, location: 2F
3-2: SINGLE (Flyball, 8RS)
Pete Weber to second
Throwing error, E8
Pete Weber scores
Tim Reid to second
Batting: RHB Manny Perea 0-0: Ball
1-0: Foul Ball, location: 2F
1-1: Ball
2-1: Ball
3-1: Base on Balls
Batting: LHB Tony Green 0-0: Called Strike
0-1: Ball
1-1: Foul Ball, location: 2F
1-2: Grounds into double play, 5-4-3 (Groundball, 56)
Top of the 7th over - 1 run(s), 2 hit(s), 1 error(s), 1 left on base; Penquannock 7 - Buffalo 0
BOTTOM OF THE 7TH
Buffalo LightSabres batting - Pitching for Penquannock Overrated Jeter : RHP Javier González
Batting: RHB Robby Lewis 0-0: Called Strike
0-1: Ball
1-1: Ball
2-1: Called Strike
2-2: Foul Ball, location: 2F
2-2: Foul Ball, location: 2F
2-2: Foul Ball, location: 2F
2-2: Strikes out swinging
Batting: LHB Rob Davidson 0-0: Ball
1-0: Foul Ball, location: 2F
1-1: Called Strike
1-2: Ball
2-2: Ground out 4-3 (Groundball, 4)
Batting: RHB Merlin Morris 0-0: DOUBLE (Line Drive, 78M)
Batting: RHB Ramão Almana 0-0: Called Strike
0-1: Called Strike
0-2: Strikes out swinging
Bottom of the 7th over - 0 run(s), 1 hit(s), 0 error(s), 1 left on base; Penquannock 7 - Buffalo 0
TOP OF THE 8TH
Penquannock Overrated Jeter batting - Pitching for Buffalo LightSabres : RHP Pat Jackson
Pitching: LHP Mike O'Brien
Batting: RHB Barton Frazier 0-0: Ball
1-0: Swinging Strike
1-1: Swinging Strike
1-2: Strikes out swinging
Batting: LHB Matt Reese 0-0: Called Strike
0-1: Foul Ball, location: 2F
0-2: Strikes out swinging
Batting: SHB Bob Noble 0-0: Called Strike
0-1: Ground out 6-3 (Groundball, 6)
Top of the 8th over - 0 run(s), 0 hit(s), 0 error(s), 0 left on base; Penquannock 7 - Buffalo 0
BOTTOM OF THE 8TH
Buffalo LightSabres batting - Pitching for Penquannock Overrated Jeter : RHP Javier González
Batting: LHB Emílio Montoya 0-0: Called Strike
0-1: Foul Ball, location: 2F
0-2: Foul Ball, location: 2F
0-2: Ball
1-2: Ball
2-2: Foul Ball, location: 2F
2-2: Ground out 5-3 (Groundball, 56S)
Pitching: RHP Richard Edwards
Batting: RHB Tony Estrada 0-0: Ball
1-0: Ball
2-0: Ball
3-0: Called Strike
3-1: Foul Ball, location: 2F
3-2: Base on Balls
Batting: RHB Tex Badger 0-0: Called Strike
0-1: Called Strike
0-2: Strikes out looking
Batting: RHB Gabriel Ángel 0-0: Foul Ball, location: 2F
0-1: Swinging Strike
0-2: Ball
1-2: Strikes out looking
Bottom of the 8th over - 0 run(s), 0 hit(s), 0 error(s), 1 left on base; Penquannock 7 - Buffalo 0
TOP OF THE 9TH
Penquannock Overrated Jeter batting - Pitching for Buffalo LightSabres : LHP Mike O'Brien
Batting: RHB Bernardo Enríquez 0-0: Called Strike
0-1: Fly out, F7 (Flyball, 7)
Batting: RHB Armando Pagán 0-0: Called Strike
0-1: Ball
1-1: Swinging Strike
1-2: SINGLE (Groundball, 34D)
Batting: LHB Pete Weber 0-0: Ball
1-0: Foul Ball, location: 2F
1-1: Called Strike
1-2: Fielders Choice at 2nd, 3-6 (Groundball, 3)
Batting: SHB Tim Reid 0-0: Ball
1-0: Called Strike
1-1: Ball
2-1: Called Strike
2-2: Strikes out swinging
Top of the 9th over - 0 run(s), 1 hit(s), 0 error(s), 1 left on base; Penquannock 7 - Buffalo 0
BOTTOM OF THE 9TH
Buffalo LightSabres batting - Pitching for Penquannock Overrated Jeter : RHP Richard Edwards
Batting: SHB Barrett Bowden 0-0: SINGLE (Flyball, 3D)
Batting: RHB Robby Lewis 0-0: Foul Ball, location: 2F
0-1: Foul Ball, location: 2F
0-2: Ball
Passed Ball!
Barrett Bowden to second
1-2: Strikes out swinging
Batting: LHB Rob Davidson 0-0: Foul Ball, location: 2F
0-1: Ball
1-1: Called Strike
1-2: Ball
2-2: Foul Ball, location: 2F
2-2: Foul Ball, location: 2F
2-2: Foul Ball, location: 2F
2-2: Foul Ball, location: 2F
2-2: Ball
3-2: Fly out, F3 (Popup, 3L)
Batting: RHB Merlin Morris 0-0: Swinging Strike
0-1: Ball
1-1: Called Strike
1-2: Strikes out looking
Bottom of the 9th over - 0 run(s), 1 hit(s), 0 error(s), 1 left on base; Penquannock 7 - Buffalo 0
Thursday, March 30th, 2017 - OOTP Baseball 17.12 Build 75